 Dungeon Crawl Stone Soup version 0.29-a0-319-gad05b8d819 (webtiles) character file.

Game seed: 11383354691740206710

104 SkeletonJelly the Slasher (level 4, 45/45 HPs)
             Began as a Mayflytaur Monk on Apr 1, 2022.
             Was a Follower of Uskayaw.
             Quit the game on level 4 of the Dungeon.
             The game lasted 00:05:49 (1401 turns).

SkeletonJelly the Slasher (Mayflytaur Monk)         Turns: 1401, Time: 00:05:50

Health: 45/45      AC:  3    Str: 14    XL:     4   Next: 80%
Magic:  5/5        EV: 13    Int: 12    God:    Uskayaw [*.....]
Gold:   62         SH:  3    Dex: 16    Spells: 3/3 levels left

rFire   . . .      SeeInvis .   a - +0 falchion
rCold   . . .      Faith    .   h - +0 buckler
rNeg    . . .      Spirit   .   b - +0 robe
rPois   .          Reflect  .   (no helmet)
rElec   .          Harm     .   (no cloak)
rCorr   .          Rampage  .   (no gloves)
Will    .....                   e - +0 pair of boots
Stlth   ++........              (no amulet)
HPRegen 0.15/turn               (no ring)
MPRegen 0.09/turn               (no ring)

@: flying, bezotted
A: damage resistance, big wings, sense surroundings 1, short lifespan
a: Renounce Religion, Stomp


You were on level 4 of the Dungeon.
You worshipped Uskayaw.
Uskayaw was noncommittal.
You visited 1 branch of the dungeon, and saw 4 of its levels.

You collected 62 gold pieces.

Inventory:

Hand Weapons
 a - a +0 falchion (weapon)
Missiles
 l - 3 poisoned darts (quivered)
Armour
 b - a +0 robe (worn)
 e - a +0 pair of boots (worn)
 h - a +0 buckler (worn)
Scrolls
 f - a scroll of teleportation {unknown}
 i - a scroll of torment {unknown}
 j - a scroll of amnesia {unknown}
 k - a scroll of brand weapon {unknown}
Potions
 c - a potion of ambrosia
 d - a potion of magic {unknown}
 g - 4 potions of flight {unknown}


   Skills:
 - Level 4.4 Fighting
 - Level 5.3 Long Blades
 - Level 3.9 Dodging
 - Level 3.0 Stealth
 + Level 0.0 Shields


You had 3 spell levels left.
You didn't know any spells.
Your spell library was empty.

Dungeon Overview and Level Annotations

Branches:
Dungeon (4/15)
 Temple: D:4-7

Altars:
Uskayaw


Innate Abilities, Weirdness & Mutations

You are resistant to damage.
Your large and strong wings let you fly.
You passively map a small area around you.
You are easily found by Zot.


Message History

A kobold is nearby!
A kobold is nearby!
The kobold shouts!
The kobold hits you but does no damage.
You hit the kobold.
The kobold is moderately wounded.
The kobold hits you but does no damage.
You hit the kobold but do no damage.
The kobold is moderately wounded.
The kobold hits you with a +0 whip.
You take 3 damage, and have 41/44 hp.
You slash the kobold!
You kill the kobold!
No target in view!
No target in view!
No target in view!
No target in view!
No target in view!
Things that are here:
a +0 whip; 3 poisoned darts; a kobold corpse
l - 3 poisoned darts Search for what [? for help]? .
Unknown command.
You see here a rat corpse.
There is an open door here.
Things that are here:
a +0 chain mail; a hobgoblin corpse Zot draws nearer.
Dive deeper or flee this branch before you perish!
Health restored: 44
There is an open door here.
You reach down and open the door.
There is an open door here.
There is a stone staircase leading down here.
You fly downwards.
As you enter the new level, Zot loses track of you.
There is a stone staircase leading up here.
There is a stone staircase leading up here.
Found a stone staircase leading down.
Unknown command.
Unknown command.
Found a dagger.
No target in view!
No target in view!
No target in view!
No target in view!
A hound comes into view.
A hound is nearby!
A hound is nearby!
The helpless hound fails to defend itself.
You hit the hound.
The hound is lightly wounded.
The hound misses you.
You hit the hound.
The hound is lightly wounded.
The hound bites you. The hound barely misses you.
You hit the hound.
The hound is heavily wounded.
The hound bites you. The hound bites you but does no damage.
You completely miss the hound.
The hound is heavily wounded.
The hound completely misses you.
You closely miss the hound.
The hound is heavily wounded.
The hound misses you. The hound barely misses you.
You closely miss the hound.
The hound is heavily wounded.
The hound barely misses you. The hound bites you but does no damage.
You hit the hound.
The hound is severely wounded.
The hound barely misses you.
You barely miss the hound.
The hound is severely wounded.
The hound barely misses you. The hound closely misses you.
You barely miss the hound.
The hound is severely wounded.
The hound bites you but does no damage. The hound misses you.
You barely miss the hound.
The hound is severely wounded.
The hound bites you.
You hit the hound.
The hound is almost dead.
The hound closely misses you. The hound bites you.
You can now pass through a line of other dancers.
You slash the hound!
You kill the hound!
Health restored: 45 No target in view!
No target in view!
No target in view!
Key pressed, stopping explore.
You see here a hound corpse.
You have lingered too long.
Zot senses you.
Dive deeper or flee this branch before you perish!
No target in view!
No target in view!
No target in view!
No target in view!
A necrophage comes into view.
A necrophage is nearby!
A necrophage is nearby!
Are you sure you want to abandon this character and quit the game? (Confirm with "yes".)

#.######
#.## ##.##
##.#...###
##.# ##.##
######..##
#.###.##
##..##
#....## **
##..###†..##
* ##..##..##
* ##....## *
* #....# ,
##.@.# , * *
##...# ,
###..# ** *
#..# , *
#..# * #..#*
, * * #.. *
* *.n , , ,


You could see a necrophage (dormant).

Vanquished Creatures
  A hound (D:4)
  2 adders (D:2)
  A gnoll (D:1)
  A worm (D:2)
  3 ball pythons
  3 bats
  An endoplasm (D:1)
  3 giant cockroaches
  3 goblins (D:1)
  4 hobgoblins
  4 jackals (D:1)
  A quokka (D:3)
  3 frilled lizards
  7 kobolds
  8 rats
45 creatures vanquished.

Notes
Turn   | Place    | Note
-------+----------+-------------------------------------------
     0 | D:1      | SkeletonJelly the Mayflytaur Monk began the quest for the
                  | Orb.
     0 | D:1      | Reached XP level 1. HP: 21/21 MP: 2/2
   106 | D:1      | Reached XP level 2. HP: 28/28 MP: 3/3
   196 | D:1      | Glimpsed the power of Zot.
   265 | D:1      | Reached XP level 3. HP: 28/36 MP: 4/4
   789 | D:2      | Reached skill level 5 in Long Blades
   789 | D:2      | Reached XP level 4. HP: 44/44 MP: 5/5
   790 | D:2      | Glimpsed the power of Zot.
   995 | D:3      | Found a faded altar of an unknown god.
  1122 | D:3      | Prayed at the altar of an unknown god.
  1122 | D:3      | Became a worshipper of Uskayaw the Reveller
  1122 | D:3      | Reached * piety under Uskayaw
  1122 | D:3      | Reached ** piety under Uskayaw
  1286 | D:3      | Glimpsed the power of Zot.
  1385 | D:4      | Glimpsed the power of Zot.
  1400 | D:4      | Noticed a necrophage
  1401 | D:4      | Quit the game

Illustrated notes

Levels and vault maps discovered:
D:1:      heliophobic_arrival_glass_houses, layout_basic,
          chequers_serial_rivers_micro_e
D:2:      layout_basic
D:3:      layout_basic, ebering_ecumenical_altar_abandoned
D:4:      layout_layer_cave, serial_forest, infiniplex_forest_clump_curved,
          infiniplex_forest_clump_double, infiniplex_forest_lined_corner,
          infiniplex_forest_join, infiniplex_forest_end_2,
          infiniplex_forest_corner_2, infiniplex_forest_corner_2

Skill      XL: |  1  2  3 |
---------------+----------+-----
Stealth        | 3 |  3.0
Fighting       | 4 |  4.4
Long Blades    | 5 |  5.3
Dodging        | |  3.9

Action                   |  1- 3 |  4- 6 || total
-------------------------+-------+-------++-------
Melee: Falchion          |    98 |    40 ||   138
       Punch             |     1 |       ||     1
 Stab: Sleeping          |     6 |     4 ||    10
Armor: Robe              |    31 |     7 ||    38
Dodge: Dodged            |    93 |    24 ||   117
Block: Buckler           |       |     3 ||     3

Table legend: (Time is in decaauts)
 A = Elapsed time spent in this place.
 B = Non-inter-level travel time spent in this place.
 C = Inter-level travel time spent in this place.
 D = Time resting spent in this place.
 E = Time spent auto-exploring this place.
 F = Levels seen in this place.
 G = Mean time per level.
                   A        B        C        D        E       F      G
               +--------+--------+--------+--------+--------+-----+--------+
         Total |   1415 |   1295 |    120 |      0 |    657 |   4 |  353.8 |
       Dungeon |   1415 |   1295 |    120 |      0 |    657 |   4 |  353.8 |
               +--------+--------+--------+--------+--------+-----+--------+

Top non-repeatable levels by time:
     D:3: 516 daAuts
     D:2: 443 daAuts
     D:1: 357 daAuts
     D:4: 97 daAuts
